 Dungeon Crawl Stone Soup version 0.20.0-15-g7f486f2 (webtiles) character file.

88 vishdafish the Skirmisher (level 4, 0/35 HPs)
             Began as a Demonspawn Fighter on June 18, 2017.
             Slain by an orc
             ... wielding a +0 hand axe
              (2 damage)
             ... on level 3 of the Dungeon.
             The game lasted 00:09:19 (1787 turns).

vishdafish the Skirmisher (Demonspawn Fighter)      Turns: 1787, Time: 00:09:19

Health: 0/35       AC:  6    Str: 16    XL:     4   Next: 30%
Magic:  4/4        EV:  7    Int:  9    God:
Gold:   67         SH:  9    Dex: 14    Spells: 3/3 levels left

rFire    . . .     SeeInvis .   a - +0 long sword
rCold    . . .     Gourm    .   c - +0 shield
rNeg     . . .     Faith    .   b - +0 scale mail
rPois    .         Spirit   .   (helmet restricted)
rElec    .         Reflect  .   (no cloak)
rCorr    .         Harm     .   (no gloves)
MR       .....                  (no boots)
Stlth    ..........             (no amulet)
Regen    0.2/turn               (no ring)
MPRegen  0.1/turn               (no ring)

@: no status effects
A: horns 1, demonic guardian 1
a: no special abilities


You were on level 3 of the Dungeon.
You were not hungry.

You visited 1 branch of the dungeon, and saw 3 of its levels.

You collected 67 gold pieces.

Inventory:

Hand Weapons
 a - a +0 long sword (weapon)
Missiles
 s - 15 poisoned needles (quivered)
Armour
 b - a +0 scale mail (worn)
 c - a +0 shield (worn)
 j - a +0 large shield
Jewellery
 o - an uncursed ring of resist corrosion {unknown}
 q - a +2 ring of protection {unknown}
Scrolls
 i - 2 scrolls of noise {unknown}
 n - 2 scrolls of identify {unknown}
Potions
 d - a potion of might
 e - a potion of degeneration {unknown}
 l - a potion of cancellation {unknown}
 m - a potion of heal wounds {unknown}
 r - a potion of curing {unknown}
Comestibles
 f - 5 bread rations
 g - 2 meat rations
 p - a fruit


   Skills:
 + Level 3.3 Fighting
 + Level 2.7 Long Blades
 + Level 3.3 Armour
 + Level 0.5 Dodging
 + Level 3.3 Shields


You had 3 spell levels left.
You didn't know any spells.

Dungeon Overview and Level Annotations

Branches:
Dungeon (3/15)

Altars:


Innate Abilities, Weirdness & Mutations

You have a pair of small horns on your head.
A weak demonic guardian rushes to your aid.


Message History

The orc barely misses you.
The orc priest looks satisfied for a moment.
You block the orc's attack. x2
As you read the scroll labeled XINUMEMPENK, it crumbles to dust.
You feel blessed for a moment.
It was a scroll of remove curse.
You block the orc's attack. The orc barely misses you.
The orc priest calls upon Beogh to heal the orc.
The orc is healed somewhat.
The orc hits you with a dagger.
* * * LOW HITPOINT WARNING * * *
The orc hits you with a flail.
* * * LOW HITPOINT WARNING * * *
An orc comes into view.
The orc shouts!
You slash the orc priest!
You kill the orc priest!
You have reached level 4!
You feel agile.
Your demonic ancestry asserts itself...
A pair of horns grows on your head! You block the orc's attack.
The orc hits you with a hand axe.
You die...

******,,,,,,,,,,,,,,<*,,,,,,,,,,,
,,,,,,,,,,*,........**,,,,,,****,
,,,,,,***,*,*......,,,,,,,*,*,,,,
,,,,,,,,,,,,,,.....,,,,,,,*,+,,,,
,,,,,,,,,,*,**#.#.#,,,,,,,***,,,,
,,,,,,,,,,*,* #.#.#**,,,,,,,,,,,,
,,,,,,,,,,*,* #.S.#*,,,,,,,**,,,,
,,,,,,,,,**,* #ooo####...,,,,,,**
***,,,,,,**,* #.@.Kgo..o.,,,*,,,,
,,,,*,,,,**,* ###o####...,,,,,***
*******+***,* #.# *,**,*,*,,,,
*,* #.#####.###*,,,,*,*,*** *,*
#.........#*,*,,,,,,,,,
*****,**#######.###*,*,,,,,,,**
***,,,,,,* #.# #..,,,,,,**
,,,,,,,,,* #.## #.#*,*,,,***
,,,,****,* #..# #.##,**,,,,,


You could see an adder, 6 orcs, a hobgoblin and a kobold.

Vanquished Creatures
  An orc priest (D:3)
  An adder (D:2)
  3 dart slugs (D:1)
  3 leopard geckos (D:2)
  An orc (D:3)
  3 giant cockroaches (D:1)
  2 goblins (D:1)
  4 hobgoblins (D:1)
  5 kobolds
  4 bats (D:1)
  2 frilled lizards (D:1)
  11 rats
40 creatures vanquished.

Notes
Turn   | Place    | Note
-------+----------+-------------------------------------------
     0 | D:1      | vishdafish the Demonspawn Fighter began the quest for the Orb.
     0 | D:1      | Reached XP level 1. HP: 18/18 MP: 1/1
   297 | D:1      | Gained mutation: A weak demonic guardian rushes to your aid. [demonic ancestry]
   297 | D:1      | Reached XP level 2. HP: 19/24 MP: 2/2
   674 | D:1      | Reached XP level 3. HP: 27/29 MP: 3/3
  1786 | D:3      | HP: 1/29 [orc/flail (5)]
  1787 | D:3      | Gained mutation: You have a pair of small horns on your head. [demonic ancestry]
  1787 | D:3      | Reached XP level 4. HP: 2/35 MP: 4/4
  1787 | D:3      | Slain by an orc

Skill      XL: |  1  2  3 |
---------------+----------+-----
Long Blades    | 2 |  2.7
Shields        | 3 |  3.3
Armour         | 3 |  3.3
Fighting       | |  3.3
Dodging        | |  0.5

Action                   |  1- 3 |  4- 6 || total
-------------------------+-------+-------++-------
Melee: Long sword        |   110 |       ||   110
  Use: Scroll            |     2 |       ||     2
  Eat: Bread ration      |     1 |       ||     1
Armor: Scale mail        |    72 |       ||    72
Dodge: Dodged            |    40 |       ||    40
Block: Shield            |    62 |     1 ||    63
       Rpst.: Long sword |    14 |       ||    14
